Map: 16-Bit LE

Players

MaNa - Winner!

  • Race: Protoss Protoss
  • Spawn Location: 7:00

Serral

  • Race: Zerg Zerg
  • Spawn Location: 1:00

Event: WCS Austin 2018

VOD

Have the link to the VOD?

Description

Time

  • Played on: June 3, 2018, 7:05 p.m.
  • Length: 14:04

All games in this series

Show
View Real Time Build Order
Export as new Build Order

MaNa Protoss - Winner!

Build Orders: 1 Gate Expand, Oracle Opening, Archon Immortal, Zealot Archon, Archon Drop 

Get SALT Encoding   

  12  0:00  Probe  
  13  0:12  Probe  
  14  0:19  Pylon  
  14  0:24  Probe  
  15  0:33  Probe  
  15  0:38  Gateway  
  15  0:41  Probe  
  16  0:47  Assimilator  
  17  0:51  Probe  
  18  0:59  Probe  
  19  1:07  Probe  
  20  1:24  Nexus  
  20  1:33  Cybernetics Core  
  20  1:37  Probe  
  21  1:42  Assimilator  
  21  1:49  Probe  
  21  1:52  Pylon  
  22  2:01  Probe  
  23  2:02  Stalker  
  23  2:11  Warp Gate  
  23  2:13  Probe  
  26  2:25  Probe  
  26  2:27  Stargate  
  27  2:32  Adept, Probe  
  30  2:37  Probe  
  30  2:40  Probe  
  31  2:49  Probe  
  31  2:50  Probe  
  34  3:00  Oracle  
  34  3:01  Probe  
  34  3:02  Probe  
  39  3:13  Probe  
  39  3:14  Assimilator x2, Probe  
  39  3:17  Pylon  
  41  3:25  Probe  
  41  3:26  Probe  
  43  3:27  Robotics Facility  
  43  3:34  Probe  
  43  3:38  Probe  
  45  3:42  Probe  
  45  3:47  Pylon  
  45  3:48  Twilight Council  
  46  3:50  Probe  
  46  3:53  Probe  
  48  4:02  Probe  
  49  4:05  Gateway  
  49  4:06  Gateway, Warp Prism  
  49  4:12  Gateway  
  49  4:20  Probe  
  49  4:21  Probe  
  53  4:26  Templar Archives  
  53  4:31  Zealot  
  53  4:34  Probe x2  
  57  4:39  Pylon  
  57  4:46  Observer  
  57  4:52  Nexus  
  58  5:00  Charge  
  58  5:04  Probe x2  
  58  5:05  High Templar  
  58  5:06  High Templar x3  
  68  5:10  Archon x2, Shield Battery  
  68  5:16  Probe x2  
  68  5:21  Pylon x2  
  70  5:25  Forge  
  70  5:39  Probe x2  
  72  5:45  Zealot x4  
  72  5:49  Protoss Ground Weapons Level 1  
  80  5:51  Probe x2  
  80  5:55  Gateway  
  80  5:57  Gateway  
  82  6:03  Probe x2  
  84  6:09  Probe  
  85  6:19  High Templar  
  85  6:20  High Templar x3, Probe x2  
  93  6:29  Probe  
  88  6:33  Immortal  
  88  6:34  Probe x2  
  88  6:36  Assimilator  
  88  6:38  Assimilator  
  94  6:41  Probe  
  94  6:42  Pylon  
  94  6:46  Probe  
  96  6:47  Psionic Storm  
  96  6:49  Probe  
  96  6:53  Probe  
  98  6:58  Probe, Forge  
  99  7:01  Probe  
  99  7:05  Probe  
  99  7:06  Sentry  
  99  7:07  Zealot, Sentry x2  
  109  7:09  Observer  
  109  7:12  Gateway, Pylon x2  
  109  7:13  Protoss Ground Armor Level 1  
  109  7:20  Robotics Facility  
  109  7:26  Gateway  
  109  7:27  Gateway  
  110  7:30  Observer, Protoss Ground Weapons Level 2, Probe x2  
  112  7:44  High Templar x2  
  112  7:45  Probe x3  
  112  7:49  Photon Cannon  
  112  7:50  Zealot x3  
  125  7:51  Nexus  
  125  7:52  Pylon  
  125  7:53  Pylon  
  125  8:04  Robotics Facility  
  125  8:11  Immortal  
  129  8:13  Zealot x4  
  129  8:15  Probe x3  
  129  8:16  Assimilator  
  138  8:21  Assimilator  
  134  8:28  Zealot x2  
  134  8:31  Blink  
  134  8:32  Probe x2  
  136  8:41  Observer, Photon Cannon  
  137  8:42  Shield Battery  
  137  8:48  Pylon  
  136  8:49  Pylon  
  136  8:51  Zealot x2  
  140  8:56  Pylon  
  140  8:57  Pylon  
  140  8:58  Pylon  
  140  8:59  Warp Prism  
  140  9:00  Pylon  
  136  9:05  High Templar  
  136  9:06  High Templar x4  
  136  9:07  Zealot  
  148  9:11  Archon x2  
  148  9:17  Immortal  
  148  9:20  Zealot x3  
  150  9:25  Immortal  
  156  9:37  Photon Cannon  
  156  9:38  High Templar x2  
  156  9:39  High Templar x2  
  156  9:40  Photon Cannon  
  156  9:43  Archon  
  156  9:44  Archon  
  164  9:51  Protoss Ground Weapons Level 3  
  164  9:54  Stalker x5  
  172  10:05  Immortal x2  
  178  10:07  Immortal  
  178  10:09  Protoss Ground Armor Level 2  
  182  10:26  Stalker x3  
  186  10:40  Zealot x4  
  192  10:43  Warp Prism  
  194  10:51  Nexus  
  194  10:52  Zealot x3  
  200  11:24  Archon, Immortal  
  200  11:25  Immortal  
  187  11:26  Zealot x6  
  187  11:31  Immortal  
  149  11:47  High Templar x2  
  149  11:48  High Templar x4  
  139  11:57  Immortal  
  139  12:00  Pylon  
  139  12:05  Archon x2  
  133  12:10  Zealot x3  
  139  12:18  Immortal x2  
  147  12:24  High Templar x2  
  147  12:25  High Templar  
  147  12:29  Immortal  
  153  12:34  Stalker x3  
  160  12:37  Photon Cannon  
  160  12:39  Photon Cannon  
  160  12:42  Assimilator  
  160  12:43  Zealot  
  160  12:44  Zealot x2  
  166  12:46  Assimilator  
  166  12:49  Immortal x2  
  166  12:57  Stalker x6  
  180  13:06  Observer  
  180  13:11  Zealot x3  
  187  13:15  Gateway  
  187  13:16  Gateway  
  187  13:21  High Templar x4  
  187  13:25  Archon x2  
  187  13:26  Zealot x2  
  199  13:27  Observer  
  194  13:47  Stalker x4  
  194  13:56  Zealot x4  
  194  13:57  Zealot  
Show
View Real Time Build Order
Export as new Build Order

Serral Zerg 

Build Orders: Hatch First, Brood Lord Corruptor 

Get SALT Encoding   

  12  0:00  Drone  
  13  0:12  Overlord  
  13  0:19  Drone  
  14  0:31  Drone x2  
  16  0:49  Hatchery  
  15  0:53  Drone  
  15  0:56  Drone  
  17  1:11  Spawning Pool  
  16  1:12  Extractor  
  16  1:15  Drone  
  16  1:19  Drone  
  16  1:22  Drone  
  18  1:28  Drone  
  19  1:39  Overlord  
  19  1:57  Queen  
  19  1:58  Zergling x2  
  22  2:02  Drone, Queen  
  22  2:03  Drone  
  26  2:11  Drone  
  26  2:13  Drone  
  28  2:25  Overlord  
  28  2:37  Pneumatized Carapace  
  28  2:38  Drone x2  
  28  2:42  Overlord  
  32  2:53  Hatchery  
  32  2:58  Drone x2  
  31  2:59  Drone  
  32  3:06  Drone x3  
  32  3:12  Queen  
  37  3:15  Drone  
  37  3:18  Drone  
  37  3:19  Drone  
  40  3:23  Metabolic Boost  
  40  3:26  Drone  
  41  3:29  Overlord  
  41  3:33  Drone x2  
  43  3:37  Drone  
  44  3:43  Roach Warren  
  44  3:44  Drone  
  44  3:46  Overlord  
  44  3:53  Spore Crawler  
  44  3:54  Overlord, Drone x2  
  46  3:56  Lair  
  46  3:59  Drone  
  46  4:00  Drone  
  48  4:03  Spore Crawler  
  48  4:08  Drone x2  
  49  4:11  Drone  
  49  4:12  Drone  
  49  4:14  Drone  
  49  4:16  Drone  
  51  4:23  Drone x3  
  54  4:29  Queen  
  54  4:30  Queen  
  58  4:33  Extractor x2  
  58  4:34  Drone  
  57  4:38  Overlord  
  57  4:39  Drone  
  57  4:41  Drone  
  57  4:42  Drone  
  57  4:43  Drone  
  61  4:47  Drone x3  
  64  4:53  Drone x2  
  64  4:55  Hydralisk Den  
  64  4:56  Extractor  
  64  4:57  Drone x3  
  64  4:59  Overlord  
  67  5:05  Overlord  
  67  5:06  Overseer  
  67  5:09  Zergling x8  
  67  5:13  Zergling x2  
  72  5:23  Overlord  
  72  5:24  Hydralisk x4  
  72  5:27  Hydralisk  
  82  5:31  Hydralisk  
  84  5:36  Evolution Chamber  
  83  5:44  Overlord  
  83  5:47  Hydralisk x3  
  89  5:52  Zergling x2  
  89  5:55  Overlord  
  90  5:59  Hatchery  
  90  6:01  Muscular Augments  
  89  6:05  Overlord x2  
  89  6:08  Hydralisk x2  
  93  6:15  Hydralisk x2  
  93  6:17  Drone x4  
  100  6:24  Overlord  
  99  6:27  Drone x6  
  99  6:29  Drone  
  99  6:31  Drone  
  101  6:33  Drone x2  
  101  6:35  Extractor  
  101  6:36  Zerg Missile Weapons Level 1  
  102  6:42  Drone x3  
  102  6:43  Baneling Nest  
  104  6:47  Drone  
  104  6:50  Drone x5  
  104  6:52  Extractor  
  109  6:55  Overlord  
  109  7:00  Overlord  
  109  7:02  Drone x5  
  109  7:06  Infestation Pit  
  113  7:12  Grooved Spines  
  113  7:17  Drone x2, Hydralisk x3  
  113  7:20  Queen  
  123  7:24  Spore Crawler  
  123  7:26  Overlord x2, Centrifical Hooks  
  123  7:27  Hydralisk  
  124  7:32  Hydralisk x2  
  124  7:33  Zergling x2  
  129  7:37  Zergling x8  
  129  7:41  Hydralisk x2  
  137  7:46  Hive  
  137  7:48  Zergling x6  
  140  7:51  Spire  
  140  7:57  Hydralisk x2, Zergling x2  
  140  7:58  Zergling x6  
  147  8:06  Drone  
  147  8:07  Overlord  
  147  8:11  Hydralisk x3  
  147  8:12  Zergling x10  
  157  8:21  Zergling x4  
  157  8:27  Overlord x3  
  156  8:37  Zerg Missile Weapons Level 2  
  156  8:38  Hatchery  
  156  8:39  Overlord x3  
  156  8:40  Hydralisk x3  
  162  8:41  Zergling x8  
  165  9:00  Adrenal Glands  
  164  9:03  Hydralisk x2  
  164  9:04  Zergling x34  
  164  9:05  Baneling  
  164  9:06  Baneling x4  
  185  9:10  Baneling x10  
  185  9:14  Greater Spire  
  185  9:24  Zergling x18  
  193  9:36  Drone x2, Extractor  
  193  9:37  Drone x3, Extractor  
  193  9:38  Drone x3  
  199  9:42  Baneling x5  
  199  9:44  Baneling x7  
  199  9:51  Zergling x22  
  181  10:00  Hydralisk x3  
  181  10:06  Corruptor x4  
  192  10:11  Queen  
  192  10:12  Corruptor  
  196  10:18  Zergling x2  
  196  10:19  Zergling x6  
  200  10:23  Baneling x10  
  197  10:39  Brood Lord x2  
  198  10:43  Brood Lord  
  199  10:51  Brood Lord, Spine Crawler x3  
  199  10:52  Spine Crawler  
  199  10:54  Drone x3, Spine Crawler  
  197  11:02  Zergling x28  
  183  11:22  Drone x2  
  183  11:23  Hydralisk  
  183  11:24  Hydralisk, Zergling x14  
  183  11:25  Zergling x28  
  183  11:30  Zergling x2  
  157  11:33  Zergling x8  
  144  11:42  Drone x8  
  144  11:44  Drone  
  143  11:53  Hatchery, Drone x4  
  142  11:59  Queen x2  
  146  12:01  Queen  
  146  12:04  Zerg Melee Weapons Level 1  
  146  12:08  Hatchery  
  138  12:12  Evolution Chamber  
  138  12:14  Burrow  
  136  12:17  Extractor  
  136  12:18  Extractor  
  136  12:21  Pathogen Glands  
  130  12:23  Corruptor x3  
  136  12:31  Corruptor x2  
  140  12:46  Infestor x5  
  150  12:54  Drone x4  
  150  12:55  Brood Lord  
  150  12:56  Zergling x6  
  159  13:00  Zergling x2  
  159  13:01  Zergling x4  
  159  13:04  Brood Lord  
  161  13:11  Brood Lord x2  
  164  13:18  Queen  
  164  13:19  Queen  
  168  13:21  Brood Lord  
  168  13:26  Spore Crawler  
  169  13:27  Spore Crawler, Drone x2  
  169  13:29  Spore Crawler  
  168  13:36  Zergling x14  
Tags
 
Add a new tag
Caveats
  • Supply blocks, unpowered buildings, or Contaminate may cause inaccurate times.
  • Supply counts are checked every 10 seconds.